 Dungeon Crawl Stone Soup version 0.17-a0-1248-g117de50 (webtiles) character file.

4 Xvorost the Skirmisher (level 1, 0/14 HPs)
             Began as a Gargoyle Fighter on June 5, 2015.
             Slain by a gnoll
             ... wielding a +0 halberd
              (6 damage)
             ... on level 1 of the Dungeon.
             The game lasted 00:00:21 (44 turns).

Xvorost the Skirmisher (Gargoyle Fighter)             Turns: 44, Time: 00:00:21

Health: 0/14       AC:  9    Str: 19    XL:     1   Next: 70%
Magic:  1/1        EV:  7    Int:  8    God:
Gold:   0          SH:  9    Dex:  9    Spells: 0 memorised, 0 levels left

rFire  . . .     SeeInvis .     a - +0 flail
rCold  . . .     Clarity  .     b - +0 scale mail
rNeg   + . .     SustAt   .     c - +0 shield
rPois  ∞         Gourm    .     (no helmet)
rElec  +         Spirit   .     (no cloak)
rCorr  .         Warding  .     (no gloves)
rMut   .         Stasis   .     (no boots)
MR     .....                    (no amulet)
Stlth  ..........               (no ring)
                                (no ring)

@: not resistant to hostile enchantments, extremely unstealthy
A: negative energy resistance 1, electricity resistance, unbreathing,
petrification resistance, rot immunity, AC +2
a: no special abilities


You were on level 1 of the Dungeon.
You were not hungry.

You visited 1 branch of the dungeon, and saw 1 of its levels.

Inventory:

Hand weapons
 a - a +0 flail (weapon)
Armour
 b - a +0 scale mail (worn)
 c - a +0 shield (worn)
Potions
 d - a potion of might
 f - a potion of agility {unknown}
Comestibles
 e - a bread ration {@e1}


   Skills:
 + Level 3.3 Fighting
 * Level 2.1 Maces & Flails
 + Level 3.2 Armour
 + Level 0.4 Dodging
 + Level 3.3 Shields


You couldn't memorise any spells.
You didn't know any spells.

Dungeon Overview and Level Annotations

Branches:
Dungeon (1/15)

Altars:


Innate Abilities, Weirdness & Mutations

You are resistant to torment.
Your stone body is resilient (AC +2).
You are immune to poison.
You resist negative energy.
You are resistant to electric shocks.
You can survive without breathing.
You are immune to petrification.
You are immune to rotting.


Message History

Welcome, Xvorost the Gargoyle Fighter.
Will you prevail where others failed? Will you find the Orb of Zot?
Found a staircase leading out of the dungeon.
You enter the shallow water.
Moving in this stuff is going to be slow.
A giant cockroach and a goblin come into view.
The goblin shouts!
A giant newt comes into view.
The giant cockroach barely misses you.
Your shield prevents you from hitting the giant cockroach.
The giant cockroach bites you but does no damage.
The giant cockroach bites you.
You take 1 damage, and have 13/14 hp.
You sock the giant cockroach!
You kill the giant cockroach!
You sock the goblin!
You kill the goblin!
You block the giant newt's attack.
Your shield prevents you from hitting the giant newt.
You block the giant newt's attack.
You closely miss the giant newt.
The giant newt bites you but does no damage.
You closely miss the giant newt. The giant newt barely misses you.
You block the giant newt's attack.
You completely miss the giant newt. The giant newt bites you.
You take 1 damage, and have 12/14 hp.
You miss the giant newt. The giant newt barely misses you.
You sock the giant newt!
You kill the giant newt!
No target in view!
No target in view!
f - a puce potion A rat comes into view.
You block the rat's attack.
You hit the rat. The rat barely misses you.
You barely miss the rat. The rat bites you but does no damage.
You closely miss the rat. The rat barely misses you.
The rat bites you but does no damage.
You closely miss the rat. The rat closely misses you.
You hit the rat.
You kill the rat!
No target in view!
No target in view!
A jackal comes into view.
The jackal barks!
A jackal comes into view.
You see here a scroll labeled CEGY ASCHAUS XOD.
There are monsters nearby!
A gnoll comes into view. It is wielding a halberd.
The gnoll shouts!
The jackal barks! 2 jackals come into view.
The jackal barks! x2
You completely miss the jackal.
The jackal bites you but does no damage.
You sock the jackal!
You kill the jackal!
You block the gnoll's attack. The jackal barely misses you.
You hit the jackal but do no damage.
The jackal bites you but does no damage.
The gnoll hits you from afar with a halberd!
Ouch! That really hurt!
The jackal bites you but does no damage.
The jackal barely misses you.
You take 7 damage, and have 6/14 hp.
MASSIVE DAMAGE!!
You are too injured to fight recklessly!
Unknown command.
You are too injured to fight recklessly!
Unknown command.
You are too injured to fight recklessly!
You are too injured to fight recklessly!
You are too injured to fight recklessly!
Unknown command.
You are too injured to fight recklessly!
You are too injured to fight recklessly!
You are too injured to fight recklessly!
You are too injured to fight recklessly!
Unknown command.
You are too injured to fight recklessly!
Unknown command.
You are too injured to fight recklessly!
Unknown command.
You are too injured to fight recklessly!
Unknown command.
You are too injured to fight recklessly!
You sock the jackal!
The jackal bites you but does no damage.
You block the jackal's attack.
The jackal bites you but does no damage.
The gnoll hits you from afar with a halberd.
You die...

#.##.? ..##.
#..#.#......
......%....
#.#.#...... #.
...#.....# ..
#########..g..%..#
...
#........hhh.....#
... ##.#.
##..@......# ...#
... #..........#
#... #.#
##.#.?..#####
....###.####..#....#
...†...............#
#######.#####....#.#
#.# ##....... #.#
##......# #####.#
##.....#


You could see a gnoll and 3 jackals.

Vanquished Creatures
  A goblin (D:1)
  A jackal (D:1)
  A giant cockroach (D:1)
  A giant newt (D:1)
  A rat (D:1)
5 creatures vanquished.

Notes
Turn   | Place    | Note
--------------------------------------------------------------
     0 | D:1      | Xvorost the Gargoyle Fighter began the quest for the Orb.
     0 | D:1      | Reached XP level 1. HP: 14/14 MP: 1/1
    44 | D:1      | Slain by a gnoll

Vault maps used:
D:1:      co_arrival_hexagon_in_a_hexagon, minivault_24, serial_bayou_lagoon_a

Action                   || total
-------------------------++-------
Melee: Flail             ||    18

Vault maps used:
D:1:      co_arrival_hexagon_in_a_hexagon, minivault_24, serial_bayou_lagoon_a

Table legend:
 A = Turns spent in this place as a percentage of turns spent in the entire game.
 B = Non-inter-level travel turns spent in this place as a percentage of non-inter-level travel turns spent in the entire game.
 C = Inter-level travel turns spent in this place as a percentage of turns spent in this place.
 D = Turns resting spent in this place as a percentage of non-inter-level travel turns spent in this place.
 E = Turns spent auto-exploring this place as a percentage of non-inter-level travel turns spent in this place.
 F = Non-inter-level travel turns spent in this place divided by the number of levels of this place that you've seen.
                   A       B       C       D       E      F
               +-------+-------+-------+-------+-------+----------------------
         Total | 100.0 | 100.0 |   0.0 |   0.0 |   7.5 |  53.0
       Dungeon | 100.0 | 100.0 |   0.0 |   0.0 |   7.5 |  53.0
               +-------+-------+-------+-------+-------+----------------------

Table legend:
 A = Kills in this place as a percentage of kills in entire the game.
 B = Kills by you in this place as a percentage of kills by you in the entire game.
 C = Kills by friends in this place as a percentage of kills by friends in the entire game.
 D = Other kills in this place as a percentage of other kills in the entire game.
 E = Experience gained in this place as a percentage of experience gained in the entire game.
 F = Experience gained in this place divided by the number of levels of this place that you have seen.
                   A       B       C       D       E      F
               +-------+-------+-------+-------+-------+----------------------
         Total | 100.0 | 100.0 |  -nan |  -nan | 100.0 |   7.0
       Dungeon | 100.0 | 100.0 |  -nan |  -nan | 100.0 |   7.0
               +-------+-------+-------+-------+-------+----------------------
